 Dungeon Crawl Stone Soup version 0.28.0-47-ge53b351184 (webtiles) character file.

Game seed: 5247351448991977710

81 Iusername the Poker (level 4, -1/35 HPs)
             Began as a Merfolk Gladiator on May 6, 2022.
             Slain by a hobgoblin (5 damage)
             ... led by Robin
             ... on level 2 of the Dungeon.
             The game lasted 00:02:25 (1481 turns).

Iusername the Poker (Merfolk Gladiator)             Turns: 1481, Time: 00:02:26

Health: -1/35      AC:  6    Str: 16    XL:     4   Next: 40%
Magic:  4/4        EV: 12    Int:  7    God:
Gold:   71         SH:  0    Dex: 15    Spells: 3/3 levels left

rFire   . . .      SeeInvis .   a - +0 trident
rCold   . . .      Faith    .   (no shield)
rNeg    . . .      Spirit   .   g - +0 ring mail
rPois   .          Reflect  .   h - +0 helmet
rElec   .          Harm     .   (no cloak)
rCorr   .          Rampage  .   (no gloves)
Will    .....                   (no boots)
Stlth   +.........              f - amulet of regeneration
HPRegen 0.91/turn               (no ring)
MPRegen 0.09/turn               (no ring)

@: no status effects
A: (nimble swimmer 2), mertail
a: no special abilities


You were on level 2 of the Dungeon.
You visited 1 branch of the dungeon, and saw 2 of its levels.

You collected 71 gold pieces.

Inventory:

Hand Weapons
 a - a +0 trident (weapon)
Missiles
 d - 3 throwing nets (quivered)
Armour
 g - a +0 ring mail (worn)
 h - a +0 helmet (worn)
Jewellery
 f - an amulet of regeneration (around neck)
Scrolls
 b - 2 scrolls of teleportation {unknown}
 e - a scroll of identify {unknown}


   Skills:
 + Level 3.1 Fighting
 + Level 5.3 Polearms
 + Level 2.7 Throwing
 + Level 4.8 Dodging


You had 3 spell levels left.
You didn't know any spells.
Your spell library was empty.

Dungeon Overview and Level Annotations

Branches:
Dungeon (2/15)

Altars:

Annotations:
D:2 Robin


Innate Abilities, Weirdness & Mutations

((You are very nimble when in or above water. (Stealth+, EV+, Speed+++)))
Your lower body shifts to a powerful aquatic tail in water.


Message History

The goblin closely misses you. The goblin hits you but does no damage.
The goblin unwields a +0 hunting sling.
The goblin wields a +0 club.
The goblin barely misses you. The hobgoblin hits you.
Things that are here:
a +0 dagger; a +0 dagger; a hobgoblin corpse The goblin hits you with a +0 dagger.
The goblin barely misses you. The hobgoblin barely misses you.
Things that are here:
a +0 club; a goblin corpse You closely miss the goblin.
The goblin barely misses you. The goblin hits you with a +0 dagger.
The goblin barely misses you. Robin barely misses you.
The hobgoblin barely misses you.
You barely miss the hobgoblin. The goblin misses you. x2
The goblin hits you but does no damage. The hobgoblin barely misses you.
You puncture the goblin!
You kill the goblin!
The goblin hits you but does no damage. The goblin barely misses you.
Robin closely misses you. The hobgoblin misses you.
The goblin hits you but does no damage. The goblin barely misses you.
You hit the hobgoblin.
The hobgoblin is severely wounded.
Robin roars a battlecry!
The goblins go into a battle-frenzy!
The hobgoblin barely misses you. The goblin hits you but does no damage.
The goblin hits you with a +0 dagger. Robin hits you with a +0 whip.
The hobgoblin closely misses you. The goblin closely misses you.
The goblin completely misses you.
Items here: ( )))) †.
You barely miss Robin. Robin hits you but does no damage.
The hobgoblin hits you.
* * * LOW HITPOINT WARNING * * *
The goblin hits you but does no damage. x2; The kobold closely misses you.
Robin hits you but does no damage. The hobgoblin hits you.
* * * LOW HITPOINT WARNING * * *
The goblin closely misses you. The goblin hits you with a +0 dagger.
* * * LOW HITPOINT WARNING * * *
Things that are here:
a +0 club; a goblin corpse You barely miss the kobold.
Robin misses you. The hobgoblin hits you.
You die...

..# #.# # ####### #.# (#
#.....# #.# ..# #.###.#
###.###..# #.# #.#
........####.# #.##
#gg....##...###... #@K#
##.....##### #gg#
##.......#### #.# #..#
#............ #.# #..#
#........#### #.# #..#
#.#.....## # #.#
#..###.##...###### #.#
#..#.#.###.....)..
#.######...#.#........###
#.........###.###.###.#


You could see Robin, a hobgoblin (strong), 2 goblins and a kobold.

Vanquished Creatures
  4 adders (D:2)
  A worm (D:2)
  A dart slug (D:1)
  2 endoplasms (D:1)
  A giant cockroach (D:1)
  3 hobgoblins (D:2)
  2 quokkas
  4 ball pythons (D:2)
  3 bats
  3 frilled lizards (D:1)
  8 goblins
  4 kobolds
  7 rats
43 creatures vanquished.

Notes
Turn   | Place    | Note
-------+----------+-------------------------------------------
     0 | D:1      | Iusername the Merfolk Gladiator began the quest for the
                  | Orb.
     0 | D:1      | Reached XP level 1. HP: 16/16 MP: 1/1
   329 | D:1      | Reached XP level 2. HP: 22/23 MP: 2/2
   360 | D:1      | Found a faded altar of an unknown god.
   907 | D:2      | Reached XP level 3. HP: 16/28 MP: 3/3
   913 | D:2      | Reached skill level 5 in Polearms
  1308 | D:2      | Reached XP level 4. HP: 34/34 MP: 4/4
  1450 | D:2      | Noticed Robin
  1481 | D:2      | Slain by a hobgoblin

Illustrated notes

Levels and vault maps discovered:
D:1:      dpeg_arrival_oval, layout_loops_ring, ebering_ecumenical_altar_box
D:2:      layout_loops_ring, uniq_robin

Skill      XL: |  1  2  3  4 |
---------------+-------------+-----
Polearms       | 5 |  5.3
Fighting       | 3 |  3.1
Throwing       | |  2.7
Dodging        | |  4.8

Action                   |  1- 3 |  4- 6 || total
-------------------------+-------+-------++-------
Melee: Trident           |    83 |    44 ||   127
       Punch             |       |     1 ||     1
 Stab: Sleeping          |     3 |       ||     3
Armor: Leather armour    |     8 |       ||     8
       Ring mail         |    18 |    36 ||    54
Dodge: Dodged            |    42 |    66 ||   108
